 Dungeon Crawl Stone Soup version 0.19.4-8-ga85b6b9 (webtiles) character file.

150 Naow the Caller (level 5, -1/28 HPs)
             Began as a Deep Elf Summoner on Feb 10, 2017.
             Slain by a hound (3 damage)
             ... on level 4 of the Dungeon.
             The game lasted 00:07:45 (3964 turns).

Naow the Caller (Deep Elf Summoner)                 Turns: 3964, Time: 00:07:46

Health: -1/28      AC:  4    Str:  5    XL:     5   Next: 10%
Magic:  5/13       EV: 14    Int: 21    God:
Gold:   158        SH:  0    Dex: 15    Spells: 4 memorised, 3 levels left

rFire  . . .     SeeInvis .     d - +3 short sword (flame)
rCold  . . .     Gourm    .     a - +0 robe
rNeg   . . .     Faith    .     (no shield)
rPois  .         Spirit   .     (no helmet)
rElec  .         Reflect  .     p - +1 cloak
rCorr  .         Harm     .     (no gloves)
MR     .....                    (no boots)
Stlth  ++........               (no amulet)
                                (no ring)
                                (no ring)

@: no status effects
A: no striking features
a: no special abilities


You were on level 4 of the Dungeon.
You were not hungry.

You visited 1 branch of the dungeon, and saw 4 of its levels.

You collected 158 gold pieces.

Inventory:

Hand Weapons
 d - a +3 short sword of flaming (weapon)
Armour
 a - a +0 robe (worn)
 e - a +0 scale mail
 p - a +1 cloak (worn)
Scrolls
 g - a scroll of noise {unknown}
 i - 3 scrolls of identify {unknown}
 j - a scroll of immolation {unknown}
 k - 4 scrolls of remove curse
 l - a scroll of recharging {unknown}
 m - 2 scrolls of magic mapping {unknown}
Potions
 h - 4 potions of degeneration {unknown}
 n - a potion of cancellation {unknown}
Books
 b - a book of Callings

   Spells                             Type                      Level
   a - Summon Small Mammal            Summoning                    1
   b - Call Imp                       Summoning                    2
   c - Call Canine Familiar           Summoning                    3
   d - Summon Guardian Golem          Hexes/Summoning              3
   e - Summon Lightning Spire         Summoning/Air                4
   f - Summon Ice Beast               Ice/Summoning                4
Comestibles
 c - 4 bread rations
 f - 3 chunks of flesh


   Skills:
 + Level 3.5 Dodging
 - Level 2.4 Stealth
 + Level 4.0 Spellcasting
 * Level 6.2 Summonings


You had 3 spell levels left.
You knew the following spells:

 Your Spells              Type           Power        Failure   Level  Hunger
a - Summon Small Mammal   Summ           ####         1%          1    None
b - Call Imp              Summ           ####....     1%          2    #......
c - Call Canine Familiar  Summ           ####....     2%          3    ###....
d - Summon Guardian Gole  Hex/Summ       ###.....     12%         3    ###....


Dungeon Overview and Level Annotations

Branches:
Dungeon (4/15)
 Temple: D:4-7

Altars:
Elyvilon
Okawaru
Qazlal


Message History

The puff of flame hits your hound.
Your hound bites the orc wizard.
The orc wizard dies!
You have reached level 5!
The orc completely misses your crimson imp.
Casting: Call Imp
Confirm with . or Enter, or press ? or * to list all spells.
A beastly little devil appears in a puff of flame.
The hound barely misses you.
Your crimson imp hits the hound.
The hound bites you but does no damage.
Your hound closely misses the hound.
Your crimson imp misses the hound.
The hound bites you but does no damage.
Your hound bites the hound.
Your crimson imp hits the hound. x2
The orc hits your crimson imp. The hound bites you but does no damage.
Your crimson imp barely misses the hound.
Your hound barely misses the hound.
The hound bites you but does no damage.
Your hound bites the hound but does no damage.
There is an open door here.
Your crimson imp blinks!
The orc misses your crimson imp. The hound bites you.
You die...

+....)......# ###..##..##.#
########.o##..# #
#......o.......#
#.[..#.....5........#
#....#.....5........#
#....#####h##+###..##
########........h......#..#
...............@.......#
..#
.......................# .#
.......................#
.......................#
............####.........
............+ #.........
............# #.........
..######....# #.........
#....# #.........


You could see a hound, 2 orcs, a friendly hound and 2 friendly crimson imps.

Vanquished Creatures
  An adder (D:2)
  A leopard gecko (D:2)
  3 orcs (D:3)
  4 goblins
  A quokka (D:3)
  7 bats
  2 frilled lizards
  2 kobolds
21 creatures vanquished.

Vanquished Creatures (collateral kills)
  Crazy Yiuf (D:2)
  2 orc wizards
  A gnoll (D:1)
  4 adders (D:2)
  2 oozes
  3 worms (D:3)
  2 dart slugs
  2 leopard geckos
  An orc (D:3)
  2 bats
  7 goblins
  A hobgoblin (D:3)
  4 jackals (D:3)
  A quokka (D:2)
  A ball python (D:3)
  3 frilled lizards
  A jackal skeleton (D:4)
  7 kobolds
  4 rats
49 creatures vanquished.

Vanquished Creatures (others)
  A fungus (D:2)
1 creature vanquished.

Grand Total: 71 creatures vanquished

Notes
Turn   | Place    | Note
-------+----------+-------------------------------------------
     0 | D:1      | Naow the Deep Elf Summoner began the quest for the Orb.
     0 | D:1      | Reached XP level 1. HP: 10/10 MP: 6/6
   137 | D:1      | Reached XP level 2. HP: 10/15 MP: 4/8
   568 | D:1      | Learned a level 2 spell: Call Imp
  1381 | D:1      | Reached skill level 5 in Summonings
  1443 | D:2      | Found a stormy altar of Qazlal.
  1718 | D:2      | Reached XP level 3. HP: 19/19 MP: 4/9
  1876 | D:2      | Learned a level 3 spell: Call Canine Familiar
  1961 | D:2      | Found a faded altar of an unknown god.
  2429 | D:2      | Found a runed door.
  2477 | D:2      | Found an iron altar of Okawaru.
  2477 | D:2      | Found a white marble altar of Elyvilon.
  2567 | D:2      | Reached XP level 4. HP: 24/24 MP: 4/11
  2751 | D:2      | Noticed Crazy Yiuf
  2755 | D:2      | Paralysed by Crazy Yiuf for 7 turns
  2756 | D:2      | Killed Crazy Yiuf
  3294 | D:3      | Reached skill level 6 in Summonings
  3798 | D:4      | Learned a level 3 spell: Summon Guardian Golem
  3956 | D:4      | HP: 1/24 [hound (2)]
  3956 | D:4      | Reached XP level 5. HP: 1/28 MP: 6/13
  3964 | D:4      | Slain by a hound

Skill      XL: |  1  2  3  4 |
---------------+-------------+-----
Summonings     | 5 6 |  6.2
Dodging        | 3 |  3.5
Spellcasting   | 4 |  4.0
Stealth        | |  2.4

Action                   |  1- 3 |  4- 6 || total
-------------------------+-------+-------++-------
Melee: Unarmed           |    25 |       ||    25
       Short sword       |    26 |    34 ||    60
 Cast: Summon Small Mamm |    39 |    10 ||    49
       Call Imp          |    20 |    19 ||    39
       Call Canine Famil |     7 |     6 ||    13
       Summon Guardian G |       |     1 ||     1
  Use: Scroll            |       |     4 ||     4
 Stab: Distracted        |     1 |     1 ||     2
       Sleeping          |       |     1 ||     1
  Eat: Chunk             |     5 |     6 ||    11
Armor: Robe              |    12 |    25 ||    37
Dodge: Dodged            |    46 |    37 ||    83
